 Dungeon Crawl Stone Soup version 0.17-a0-1562-g9b2c768 (webtiles) character file.

464 Malak the Caller (level 6, -2/32 HPs)
             Began as a Deep Elf Summoner on July 21, 2015.
             Was a Follower of Sif Muna.
             Slain by a phantom (5 damage)
             ... on level 6 of the Dungeon.
             The game lasted 00:41:05 (3581 turns).

Malak the Caller (Deep Elf Summoner)                Turns: 3581, Time: 00:41:05

Health: -2/32      AC:  6    Str: 10      XL:     6   Next: 80%
Magic:  3/15       EV: 13    Int: 22      God:    Sif Muna [*.....]
Gold:   317        SH:  0    Dex: 13 (15) Spells: 5 memorised, 2 levels left

rFire  . . .     SeeInvis .     g - +0 short sword
rCold  . . .     Clarity  .     a - +1 robe
rNeg   . . .     SustAt   .     (no shield)
rPois  .         Gourm    +     (no helmet)
rElec  .         Spirit   .     (no cloak)
rCorr  .         Warding  .     k - +0 pair of gloves
rMut   .         Stasis   .     (no boots)
MR     .....                    e - amulet of the gourmand
Stlth  ++........               q - +2 ring of protection
                                l - +5 ring of strength

@: not resistant to hostile enchantments, unstealthy
A: no striking features
a: Channel Energy, Renounce Religion


You were on level 6 of the Dungeon.
You worshipped Sif Muna.
Sif Muna was aware of your devotion.
You were not hungry.

You visited 1 branch of the dungeon, and saw 6 of its levels.

You collected 317 gold pieces.

Inventory:

Hand weapons
 g - a +0 short sword (weapon)
Missiles
 d - 10 poisoned needles
 f - 7 javelins (quivered)
Armour
 a - a +1 robe (worn)
 c - a +0 robe
 k - a +0 pair of gloves (worn)
Jewellery
 e - an amulet of the gourmand (around neck)
 l - a +5 ring of strength (left hand)
 q - a +2 ring of protection (right hand)
 r - an uncursed amulet of warding
 B - an uncursed ring of flight
Magical devices
 m - a wand of heal wounds (2)
 v - a wand of draining (6)
 E - a wand of fire (0)
Scrolls
 i - a scroll of immolation
 n - 3 scrolls of identify
 o - a scroll of noise
 u - a scroll of amnesia {unknown}
 x - 2 scrolls of remove curse {unknown}
 y - a scroll of blinking {unknown}
 z - a scroll of magic mapping {unknown}
Potions
 j - a potion of cancellation
 p - a potion of brilliance
 s - 2 potions of magic {unknown}
 t - 2 potions of poison {unknown}
Books
 b - a book of Callings

   Spells                             Type                      Level
   a - Summon Small Mammal            Summoning                    1
   b - Call Imp                       Summoning                    2
   c - Call Canine Familiar           Summoning                    3
   d - Summon Guardian Golem          Hexes/Summoning              3
   e - Summon Lightning Spire         Summoning/Air                4
   f - Summon Ice Beast               Ice/Summoning                4
 h - a book of Minor Magic

   Spells                             Type                      Level
   a - Magic Dart                     Conjuration                  1
   b - Blink                          Translocation                2
   c - Call Imp                       Summoning                    2
   d - Repel Missiles                 Charms/Air                   2
   e - Slow                           Hexes                        2
   f - Conjure Flame                  Conjuration/Fire             3
   g - Mephitic Cloud                 Conjuration/Poison/Air       3
 C - a book of Changes

   Spells                             Type                      Level
   a - Beastly Appendage              Transmutation                1
   b - Sticks to Snakes               Transmutation                2
   c - Spider Form                    Transmutation/Poison         3
   d - Ice Form                       Ice/Transmutation            4
   e - Blade Hands                    Transmutation                5
Comestibles
 w - 2 bread rations
 A - 2 beef jerkies


   Skills:
 - Level 3.1 Dodging
 - Level 3.3 Stealth
 - Level 4.8 Spellcasting
 - Level 5.4 Summonings
 + Level 2.6 Translocations
 - Level 4.1 Air Magic
 + Level 0.7 Evocations


You had 2 spell levels left.
You knew the following spells:

 Your Spells              Type           Power        Failure   Level  Hunger
a - Summon Small Mammal   Summ           ####         1%          1    None
b - Call Imp              Summ           ####....     1%          2    None
c - Call Canine Familiar  Summ           ####....     3%          3    ##.....
d - Summon Lightning Spi  Summ/Air       ####....     14%         4    ####...
e - Blink                 Tloc           N/A          8%          2    None


Dungeon Overview and Level Annotations

Branches:
Dungeon (6/15)
 Temple: D:4-7

Altars:
Ashenzari
Okawaru
Sif Muna


Message History

A phantom comes into view.
The giant frog hits you.
All of the chunks of flesh in your inventory have rotted away.
There is an open door here.
The giant frog hits you.
* * * LOW HITPOINT WARNING * * *
Casting: Summon Lightning Spire
Confirm with . or Enter, or press ? or * to list all spells.
You blink.
You open the door.
There is an open door here.
The giant frog hits you.
* * * LOW HITPOINT WARNING * * *
The giant frog hits you but does no damage.
The giant frog hits you but does no damage.
The giant frog hits you but does no damage.
The phantom blinks!
The giant frog hits you.
* * * LOW HITPOINT WARNING * * *
The phantom hits you.
You die...

...... .#.........### .b....
...... #.... .a..####
...##+#....... #..##.#...#
#..##....#######
##########W.#.?..........
#..YY.a..F@>..†...#######
#.###########.#.#.....[.)
######'##YY..Y...[<#..........
#.....Y.#.#...Y.............#.
#.......#.#...................
#.......#.#..........###....#.
#.......Y.#.!........# .####
#.......###..........# ..
##+#+#### #..........# ###


You could see 2 yaks, a phantom, a giant frog, a worker ant and a bat
(sleeping).

Vanquished Creatures
  A sky beast (D:6)
  3 hobgoblins
  2 bats
  3 giant cockroaches
  A giant gecko (D:1)
  A giant newt (D:1)
  3 goblins
  2 rats
16 creatures vanquished.

Vanquished Creatures (collateral kills)
  The ghost of Nattefrost the Spear-Bearer, an experienced DrBe of Trog (D:5)
  A phantom (D:4)
  A crimson imp (D:5)
  An orc priest (D:4)
  A hound (D:4)
  3 worker ants
  An iguana (D:3)
  5 adders
  An ooze (D:3)
  2 worms
  An adder skeleton (D:4)
  4 giant geckos
  6 orcs
  6 bats
  A bat zombie (D:5)
  3 hobgoblins
  8 kobolds
  A ball python (D:1)
  5 giant cockroaches
  3 giant newts
  5 goblins
  4 quokkas
  A quokka skeleton (D:4)
  10 rats
75 creatures vanquished.

Grand Total: 91 creatures vanquished

Notes
Turn   | Place    | Note
--------------------------------------------------------------
     0 | D:1      | Malak the Deep Elf Summoner began the quest for the Orb.
     0 | D:1      | Reached XP level 1. HP: 10/10 MP: 6/6
   175 | D:1      | Found a shattered altar of Ashenzari.
   336 | D:1      | Reached XP level 2. HP: 12/15 MP: 5/8
   350 | D:1      | Learned a level 2 spell: Call Imp
  1014 | D:2      | Found a deep blue altar of Sif Muna.
  1017 | D:2      | Became a worshipper of Sif Muna the Loreminder
  1054 | D:2      | Reached XP level 3. HP: 17/19 MP: 10/10
  1059 | D:2      | Learned a level 3 spell: Call Canine Familiar
  1663 | D:3      | Reached skill level 5 in Summonings
  1703 | D:3      | Reached XP level 4. HP: 24/24 MP: 12/12
  1718 | D:3      | Learned a level 4 spell: Summon Lightning Spire
  2161 | D:4      | Noticed a phantom
  2177 | D:4      | Killed a phantom
  2177 | D:4      | Reached skill level 1 in Air Magic
  2177 | D:4      | Reached XP level 5. HP: 28/28 MP: 3/14
  2672 | D:5      | Entered Level 5 of the Dungeon
  2719 | D:5      | Noticed Nattefrost's ghost (experienced DrBe)
  2745 | D:5      | Killed Nattefrost's ghost
  2745 | D:5      | Acquired Sif Muna's first power
  2745 | D:5      | Reached XP level 6. HP: 18/32 MP: 6/15
  2981 | D:5      | Found an iron altar of Okawaru.
  3057 | D:5      | Learned a level 2 spell: Blink
  3189 | D:5      | Reached skill level 1 in Translocations
  3528 | D:6      | Noticed a yak
  3528 | D:6      | Noticed a yak
  3531 | D:6      | Noticed a yak
  3581 | D:6      | Slain by a phantom

Vault maps used:
D:1:      lightli_arrival_lavapool, nicolae_ashenzari_panopticon
D:2:      lemuel_blue_sif_altar
D:4:      minmay_liquid_box
D:5:      nicolae_overflow_crystal_walls, first_bread
D:6:      lemuel_temple_firewalk_marked, lemuel_oklob_altar, uniq_duvessa

Action                   |  1- 3 |  4- 6 || total
-------------------------+-------+-------++-------
Melee: Short sword       |    26 |     9 ||    35
 Cast: Summon Small Mamm |    16 |       ||    16
       Call Imp          |    20 |    14 ||    34
       Call Canine Famil |     8 |    12 ||    20
       Summon Lightning  |       |    11 ||    11
       Blink             |       |     3 ||     3
Evoke: Wand              |       |     3 ||     3
  Use: Scroll            |       |     6 ||     6
       Potion            |       |     5 ||     5
 Stab: Sleeping          |     9 |     5 ||    14
       Distracted        |     1 |       ||     1
  Eat: Chunk             |     1 |     4 ||     5
       Bread ration      |     1 |     1 ||     2
